 Dungeon Crawl Stone Soup version 0.31.0-32-g396128a36d (webtiles) character file.

Game seed: 1814850230413017311

125 AdnanSaban the Covered (level 5, -4/33 HPs)
             Began as a Gargoyle Fighter on Apr 18, 2024.
             Slain by a wight
             ... wielding a +0 great sword
              (6 damage)
             ... on level 3 of the Dungeon.
             The game lasted 00:01:24 (1448 turns).

AdnanSaban the Covered (Gargoyle Fighter)           Turns: 1448, Time: 00:01:24

Health: -4/33      AC: 11    Str: 21    XL:     5   Next: 9%
Magic:  5/5        EV:  9    Int:  9    God:
Gold:   116        SH:  4    Dex:  9    Spells: 4/4 levels left

rFire   . . .        a - +0 flail
rCold   . . .        c - +0 buckler
rNeg    + . .        b - +0 scale mail
rPois   ∞            (no helmet)
rElec   +            (no cloak)
rCorr   .            (no gloves)
SInv    .            (no boots)
Will    .....        (no amulet) Stlth
                     (no ring)
HPRegen 0.25/turn    (no ring)
MPRegen 0.09/turn

%: no passive effects
@: no status effects
A: sickness immunity, AC +4, negative energy resistance 1, electricity
resistance, torment resistance 1, petrification resistance
a: no special abilities


You were on level 3 of the Dungeon.
You visited 1 branch of the dungeon, and saw 3 of its levels.

You collected 116 gold pieces.

Inventory:

Hand Weapons
 a - a +0 flail (weapon)
Missiles
 k - 6 poisoned darts (quivered)
Armour
 b - a +0 scale mail (worn)
 c - a +0 buckler (worn)
Scrolls
 i - 2 scrolls of identify {unknown}
 j - a scroll of fear {unknown}
 l - a scroll of noise {unknown}
 m - a scroll of enchant weapon {unknown}
 n - a scroll of acquirement {unknown}
Potions
 d - a potion of might
 e - a potion of attraction {unknown}
 f - a potion of invisibility {unknown}
 g - a potion of magic {unknown}
 h - 3 potions of curing {unknown}
 o - a potion of cancellation {unknown}


   Skills:
 + Level 3.8 Fighting
 + Level 3.4 Maces & Flails
 + Level 0.1 Throwing
 + Level 4.1 Armour
 + Level 0.7 Dodging
 + Level 0.2 Stealth
 + Level 3.8 Shields


You had 4 spell levels left.
You didn't know any spells.
Your spell library contained the following spells:

 Spells                   Type           Power      Damage    Failure   Level
 Petrify                  Alch/Erth      0%         N/A       100%        4
 Irradiate                Conj/Alch      0%         3d11      100%        5
 Sublimation of Blood     Necr           Unusable   N/A       N/A         2

Dungeon Overview and Level Annotations

Branches:
Dungeon (3/15)

Altars:


Innate Abilities, Weirdness & Mutations

You are immune to sickness and miasma.
Your stone body is resilient. (AC +4)
You are immune to poison.
You resist negative energy. (rN+)
You are resistant to electric shocks. (rElec)
You are resistant to unholy torment.
You are immune to petrification.


Message History

You barely miss the wight.
The wight is heavily damaged.
The wight hits you with a +0 great sword. x2
You are too injured to fight recklessly!
You are too injured to fight recklessly!
You are too injured to fight recklessly!
You are too injured to fight recklessly!
You are too injured to fight recklessly!
You are too injured to fight recklessly!
You are too injured to fight recklessly!
You are too injured to fight recklessly!
You are too injured to fight recklessly!
You are too injured to fight recklessly!
You are too injured to fight recklessly!
You are too injured to fight recklessly!
You are too injured to fight recklessly!
You are too injured to fight recklessly!
You are too injured to fight recklessly!
You are too injured to fight recklessly!
You are too injured to fight recklessly!
You are too injured to fight recklessly!
You are too injured to fight recklessly!
You are too injured to fight recklessly!
You are too injured to fight recklessly!
You are too injured to fight recklessly!
You are too injured to fight recklessly!
You hit the wight.
The wight is heavily damaged.
The wight hits you with a +0 great sword!
* * * LOW HITPOINT WARNING * * *
You closely miss the wight.
The wight is heavily damaged.
The wight hits you but does no damage.
You hit the wight but do no damage.
The wight is heavily damaged.
The wight closely misses you.
You hit the wight but do no damage.
The wight is heavily damaged.
The wight hits you with a +0 great sword.
You die...

####..#####'....#
##..#'##...##....#
#....##.....##..##
#....'.......##'##
##..##...8...##.†##
##'##......†'....#
##†.##.....##....#
#....##...##+#..##
#....@##### ####
##..##z.# #### w..+
...# !$## ###


You could see a wight and a dart slug.

Vanquished Creatures
  A bombardier beetle (D:3)
  4 adders
  A ribbon worm (D:3)
  3 dart slugs
  5 ball pythons
  2 bats
  4 endoplasms
  5 giant cockroaches
  3 goblins (D:2)
  3 hobgoblins
  2 quokkas
  5 frilled lizards
  6 kobolds
  3 rats
47 creatures vanquished.

Notes
Turn   | Place    | Note
-------+----------+-------------------------------------------
     0 | D:1      | AdnanSaban the Gargoyle Fighter began the quest for the
                  | Orb.
     0 | D:1      | Reached XP level 1. HP: 14/14 MP: 1/1
   306 | D:1      | Reached XP level 2. HP: 15/19 MP: 2/2
   876 | D:2      | Reached XP level 3. HP: 24/24 MP: 3/3
  1223 | D:3      | Reached XP level 4. HP: 22/29 MP: 4/4
  1352 | D:3      | Reached skill level 4 in Armour
  1352 | D:3      | Reached XP level 5. HP: 24/33 MP: 5/5
  1445 | D:3      | HP: 1/33 [wight/+0 great sword (12)]
  1448 | D:3      | Slain by a wight

Illustrated notes

Levels and vault maps discovered:
D:1:      minmay_arrival_nine_rooms, layout_basic
D:2:      layout_basic
D:3:      minmay_bubble_buster, layout_loops_ring

Skill      XL: |  1  2  3  4 |
---------------+-------------+-----
Maces & Flails | 3 |  3.4
Armour         | 4 |  4.1
Fighting       | |  3.8
Throwing       | |  0.1
Dodging        | |  0.7
Stealth        | |  0.2
Shields        | |  3.8

Action                     |  1- 3 |  4- 6 || total
---------------------------+-------+-------++-------
  Melee: Flail             |   111 |    44 ||   155
  Throw: Dart              |       |     4 ||     4
 Armour: Scale mail        |    75 |    43 ||   118
  Dodge: Dodged            |    39 |    18 ||    57
  Block: Buckler           |    25 |     9 ||    34
